[ PARTIDA AOE2 · #493702993 ]
UnrankedEspañoles vs Wu
Equipo del jugador · VICT
Equipo rival · DERR
[ ANÁLISIS DE REPETICIÓN · EXTRAÍDO DE LA PARTIDA GRABADA ]
Feudal
14:03
Castillos
17:35
Imperial
37:26
| APM promedio | 55.1 |
| APM pico | 111 |
| eAPM promedio | 24.4 |
| Aldeanos / militares | 100 / 83 |
Foco
⚔️ 42.0% · 🌾 58.0%
Conquistador ×77 · Fishing Ship ×22 · Unknown (2626) ×6 · Mangonel ×2 · Missionary ×2 · Battering Ram ×2
Feudal
13:32
Castillos
17:27
Imperial
30:45
| APM promedio | 70.0 |
| APM pico | 124 |
| eAPM promedio | 23.1 |
| Aldeanos / militares | 69 / 11 |
Foco
⚔️ 37.2% · 🌾 62.8%
Unknown (1968) ×65 · Fishing Ship ×15 · Monk ×5 · Unknown (2626) ×5 · Battering Ram ×3 · Unknown (1942) ×3
Mapa de la partida
Recursos iniciales + cada clic de construcción. Líneas = muros · curvas = relieve. ◆ oro · ⬟ piedra · ● bayas · ✦ reliquia · ◌ hueco del cierre
Tu base· Abierta — hueco de 3t
Base de SylPags· Abierta — hueco de 7t
Terreno inicial suavizado · ◌ = hueco del cierre detectado · pasá el cursor para detalles
Inputs por minuto
— 北冥有鲲 - - SylPags
Build order — 北冥有鲲
Primeras 150 de 330 acciones detectadas
| 0:18 | Construir | Town Center |
| 0:47 | Construir | Dock |
| 0:50 | Construir | House |
| 2:26 | Crear | Villager (Male) |
| 2:26 | Crear | Villager (Male) |
| 2:27 | Crear | Villager (Male) |
| 2:27 | Crear | Villager (Male) |
| 3:41 | Crear | Villager (Male) |
| 3:42 | Crear | Villager (Male) |
| 3:49 | Investigar | Loom |
| 3:55 | Crear | Fishing Ship |
| 4:37 | Crear | Villager (Male) |
| 4:37 | Crear | Villager (Male) |
| 4:41 | Construir | House |
| 5:05 | Crear | Villager (Male) |
| 5:05 | Crear | Villager (Male) |
| 5:05 | Crear | Villager (Male) |
| 5:27 | Crear | Villager (Male) |
| 5:27 | Crear | Villager (Male) |
| 5:40 | Crear | Villager (Male) |
| 5:40 | Crear | Villager (Male) |
| 5:41 | Crear | Villager (Male) |
| 5:48 | Crear | Fishing Ship |
| 6:00 | Construir | House |
| 6:11 | Crear | Villager (Male) |
| 6:12 | Crear | Villager (Male) |
| 6:35 | Crear | Villager (Male) |
| 6:35 | Crear | Villager (Male) |
| 6:37 | Crear | Fishing Ship |
| 6:57 | Construir | House |
| 7:11 | Crear | Villager (Male) |
| 7:12 | Crear | Villager (Male) |
| 7:12 | Crear | Villager (Male) |
| 7:24 | Crear | Fishing Ship |
| 7:30 | Construir | House |
| 7:35 | Construir | House |
| 8:02 | Crear | Fishing Ship |
| 8:10 | Crear | Villager (Male) |
| 8:10 | Crear | Villager (Male) |
| 8:34 | Construir | Lumber Camp |
| 8:36 | Crear | Villager (Male) |
| 9:05 | Crear | Villager (Male) |
| 9:11 | Crear | Fishing Ship |
| 9:11 | Crear | Fishing Ship |
| 9:14 | Crear | Villager (Male) |
| 9:22 | Crear | Villager (Male) |
| 9:28 | Construir | House |
| 9:32 | Crear | Villager (Male) |
| 9:41 | Crear | Fishing Ship |
| 9:50 | Construir | House |
| 10:06 | Crear | Villager (Male) |
| 10:10 | Crear | Fishing Ship |
| 10:41 | Crear | Fishing Ship |
| 10:47 | Construir | Dock |
| 11:21 | Crear | Fishing Ship |
| 11:28 | Crear | Villager (Male) |
| 11:33 | Construir | Mill |
| 11:39 | Investigar | Feudal Age |
| 11:40 | Investigar | Feudal Age |
| 12:07 | Construir | Mining Camp |
| 12:10 | Construir | Mining Camp |
| 12:42 | Construir | House |
| 12:45 | Crear | Fishing Ship |
| 12:47 | Crear | Fishing Ship |
| 13:12 | Construir | House |
| 13:51 | Investigar | Loom |
| 14:03 | Edad | Edad Feudal |
| 14:05 | Construir | Market |
| 14:15 | Construir | Blacksmith |
| 14:21 | Crear | Villager (Male) |
| 14:37 | Construir | Stone Wall |
| 14:55 | Investigar | Castle Age |
| 14:55 | Investigar | Castle Age |
| 15:13 | Investigar | Double-Bit Axe |
| 15:30 | Construir | Dock |
| 15:56 | Construir | Dock |
| 16:09 | Crear | Fishing Ship |
| 16:10 | Crear | Fishing Ship |
| 16:48 | Investigar | Tech 906 |
| 16:48 | Investigar | Tech 906 |
| 16:51 | Crear | Unit 2626 |
| 17:08 | Crear | Fishing Ship |
| 17:27 | Construir | House |
| 17:35 | Edad | Edad de los Castillos |
| 17:36 | Crear | Villager (Male) |
| 17:37 | Crear | Villager (Male) |
| 17:39 | Investigar | Bow Saw |
| 17:40 | Investigar | Bow Saw |
| 17:46 | Construir | Castle |
| 17:54 | Crear | Villager (Male) |
| 17:57 | Construir | Lumber Camp |
| 18:17 | Crear | Unit 2626 |
| 18:17 | Crear | Unit 2626 |
| 18:43 | Construir | House |
| 18:45 | Investigar | Town Watch |
| 18:47 | Investigar | Wheelbarrow |
| 19:10 | Crear | Conquistador |
| 19:11 | Crear | Conquistador |
| 19:13 | Investigar | Padded Archer Armor |
| 19:16 | Crear | Villager (Male) |
| 19:17 | Crear | Villager (Male) |
| 19:28 | Crear | Unit 2626 |
| 19:34 | Construir | Town Center |
| 19:38 | Crear | Conquistador |
| 19:38 | Crear | Conquistador |
| 19:59 | Crear | Conquistador |
| 20:07 | Construir | Dock |
| 20:14 | Crear | Villager (Male) |
| 20:25 | Investigar | Leather Archer Armor |
| 20:26 | Investigar | Leather Archer Armor |
| 20:36 | Crear | Conquistador |
| 20:41 | Construir | Monastery |
| 20:51 | Investigar | Gold Mining |
| 21:00 | Crear | Conquistador |
| 21:04 | Crear | Villager (Male) |
| 21:11 | Construir | Palisade Wall |
| 21:12 | Construir | Palisade Wall |
| 21:22 | Crear | Villager (Male) |
| 21:22 | Crear | Villager (Male) |
| 21:23 | Crear | Villager (Male) |
| 21:24 | Crear | Villager (Male) |
| 21:25 | Crear | Missionary |
| 21:32 | Crear | Fishing Ship |
| 21:38 | Crear | Villager (Male) |
| 21:42 | Construir | Mill |
| 21:47 | Investigar | Horse Collar |
| 22:04 | Crear | Conquistador |
| 22:05 | Crear | Conquistador |
| 22:06 | Crear | Villager (Male) |
| 22:06 | Crear | Villager (Male) |
| 22:11 | Crear | Villager (Male) |
| 22:11 | Crear | Villager (Male) |
| 22:30 | Investigar | War Galley (upgrade) |
| 22:30 | Crear | Unit 2626 |
| 22:31 | Crear | Unit 2626 |
| 22:39 | Crear | Villager (Male) |
| 22:48 | Crear | Conquistador |
| 22:51 | Construir | Outpost |
| 22:53 | Construir | Outpost |
| 23:00 | Crear | Conquistador |
| 23:01 | Crear | Conquistador |
| 23:06 | Crear | Missionary |
| 23:16 | Crear | Villager (Male) |
| 23:16 | Crear | Villager (Male) |
| 23:17 | Crear | Villager (Male) |
| 23:41 | Construir | Town Center |
| 23:57 | Construir | Outpost |
| 24:02 | Crear | Conquistador |
| 24:10 | Investigar | Heavy Plow |
| 24:12 | Construir | Mining Camp |
Build order — SylPags
Primeras 150 de 219 acciones detectadas
| 0:07 | Construir | Town Center |
| 0:23 | Construir | Dock |
| 0:25 | Construir | House |
| 2:15 | Crear | Villager (Male) ×5 |
| 2:15 | Crear | Villager (Male) ×5 |
| 3:14 | Crear | Fishing Ship |
| 3:14 | Crear | Fishing Ship |
| 4:00 | Construir | House |
| 4:18 | Crear | Villager (Male) |
| 4:18 | Crear | Villager (Male) |
| 4:45 | Crear | Villager (Male) |
| 4:46 | Crear | Villager (Male) |
| 5:01 | Construir | House |
| 5:12 | Crear | Villager (Male) |
| 5:12 | Crear | Villager (Male) |
| 5:30 | Construir | Dock |
| 5:34 | Construir | Palisade Wall |
| 5:43 | Crear | Villager (Male) |
| 5:43 | Crear | Villager (Male) |
| 6:08 | Crear | Villager (Male) |
| 6:08 | Crear | Villager (Male) |
| 6:08 | Crear | Villager (Male) |
| 6:32 | Crear | Villager (Male) |
| 6:36 | Crear | Fishing Ship |
| 6:44 | Construir | House |
| 7:12 | Crear | Villager (Male) |
| 7:16 | Construir | House |
| 7:25 | Construir | Palisade Wall |
| 7:39 | Crear | Fishing Ship |
| 7:40 | Crear | Fishing Ship |
| 7:40 | Crear | Fishing Ship |
| 7:42 | Crear | Fishing Ship |
| 8:00 | Crear | Villager (Male) |
| 8:00 | Crear | Villager (Male) |
| 8:00 | Crear | Villager (Male) |
| 8:28 | Crear | Fishing Ship |
| 8:29 | Crear | Fishing Ship |
| 8:29 | Crear | Fishing Ship |
| 8:52 | Crear | Villager (Male) |
| 8:52 | Crear | Villager (Male) |
| 8:52 | Crear | Villager (Male) |
| 8:52 | Crear | Villager (Male) |
| 8:52 | Crear | Villager (Male) |
| 8:53 | Crear | Villager (Male) |
| 9:16 | Construir | House |
| 9:20 | Crear | Fishing Ship |
| 10:01 | Construir | Mill |
| 10:08 | Crear | Fishing Ship |
| 10:35 | Construir | House |
| 10:42 | Construir | Palisade Wall |
| 10:42 | Construir | Palisade Wall |
| 10:50 | Crear | Villager (Male) |
| 11:13 | Investigar | Feudal Age |
| 11:17 | Construir | Mining Camp |
| 11:59 | Investigar | Loom |
| 12:00 | Crear | Villager (Male) |
| 12:00 | Crear | Villager (Male) |
| 12:33 | Crear | Fishing Ship |
| 12:39 | Construir | House |
| 13:05 | Crear | Villager (Male) |
| 13:05 | Crear | Villager (Male) |
| 13:32 | Edad | Edad Feudal |
| 13:37 | Construir | Blacksmith |
| 13:44 | Construir | Market |
| 13:45 | Crear | Unit 2626 |
| 14:28 | Construir | Palisade Wall |
| 14:38 | Investigar | Castle Age |
| 14:38 | Investigar | Castle Age |
| 15:17 | Construir | Mining Camp |
| 15:24 | Crear | Unit 2626 |
| 15:43 | Construir | Palisade Wall |
| 15:44 | Construir | Palisade Wall |
| 16:03 | Investigar | Fletching |
| 16:13 | Construir | House |
| 16:15 | Construir | House |
| 16:17 | Construir | Palisade Wall |
| 16:20 | Construir | Palisade Wall |
| 16:22 | Construir | Palisade Wall |
| 16:59 | Crear | Villager (Male) |
| 17:00 | Crear | Villager (Male) |
| 17:07 | Construir | Lumber Camp |
| 17:27 | Edad | Edad de los Castillos |
| 17:36 | Investigar | Double-Bit Axe |
| 17:37 | Crear | Villager (Male) |
| 18:20 | Crear | Fire Galley |
| 18:24 | Crear | Fire Galley |
| 18:26 | Crear | Villager (Male) |
| 18:26 | Crear | Villager (Male) |
| 19:04 | Crear | Unit 2626 |
| 19:13 | Investigar | Bow Saw |
| 19:15 | Investigar | Bodkin Arrow |
| 19:30 | Construir | Castle |
| 19:38 | Crear | Villager (Male) |
| 19:38 | Crear | Villager (Male) |
| 19:38 | Crear | Villager (Male) |
| 19:39 | Crear | Villager (Male) |
| 19:42 | Investigar | Horse Collar |
| 19:47 | Construir | Fish Trap |
| 20:17 | Construir | University |
| 20:22 | Construir | University |
| 20:29 | Crear | Villager (Male) |
| 20:29 | Crear | Villager (Male) |
| 20:59 | Construir | Siege Workshop |
| 21:13 | Crear | Fishing Ship |
| 21:15 | Crear | Fishing Ship |
| 21:18 | Crear | Unit 1968 |
| 21:18 | Crear | Unit 1968 |
| 21:38 | Crear | Unit 1968 |
| 21:39 | Crear | Unit 1968 |
| 21:50 | Crear | Villager (Male) |
| 21:51 | Crear | Villager (Male) |
| 22:15 | Crear | Unit 1968 |
| 22:20 | Investigar | Ballistics |
| 22:33 | Crear | Villager (Male) |
| 22:34 | Crear | Unit 1968 |
| 22:36 | Crear | Unit 1968 |
| 22:50 | Crear | Battering Ram |
| 22:57 | Crear | Villager (Male) |
| 22:58 | Crear | Villager (Male) |
| 23:07 | Crear | Unit 1968 |
| 23:18 | Construir | Watch Tower |
| 23:22 | Crear | Unit 1968 |
| 23:26 | Crear | Unit 1968 |
| 23:53 | Crear | Unit 1968 |
| 23:56 | Crear | Villager (Male) |
| 23:56 | Crear | Villager (Male) |
| 24:00 | Construir | Mining Camp |
| 24:04 | Construir | House |
| 24:10 | Crear | Unit 1968 |
| 24:11 | Crear | Unit 1968 |
| 24:31 | Crear | Unit 2626 |
| 24:38 | Crear | Battering Ram |
| 24:39 | Crear | Unit 1968 |
| 25:02 | Crear | Unit 1968 |
| 25:23 | Crear | Villager (Male) |
| 25:23 | Crear | Unit 1968 |
| 25:24 | Crear | Unit 1968 |
| 25:24 | Crear | Unit 1968 |
| 25:26 | Crear | Villager (Male) |
| 26:03 | Crear | Unit 1968 |
| 26:04 | Crear | Unit 1968 |
| 26:04 | Crear | Unit 1968 |
| 26:06 | Investigar | Padded Archer Armor |
| 26:20 | Crear | Villager (Male) |
| 26:20 | Crear | Villager (Male) |
| 26:21 | Crear | Villager (Male) |
| 26:22 | Crear | Villager (Male) |
| 26:32 | Crear | Battering Ram |
| 27:07 | Crear | Villager (Male) |
| 27:07 | Crear | Villager (Male) |
Cronología de la partida
| 0:23 | SylPags · first_building Dock |
| 0:47 | 北冥有鲲 · first_building Dock |
| 5:34 | SylPags · wall_segment Palisade Wall x1 |
| 7:25 | SylPags · wall_segment Palisade Wall x1 |
| 10:42 | SylPags · wall_segment Palisade Wall x1 |
| 10:42 | SylPags · wall_segment Palisade Wall x1 |
| 13:32 | SylPags · age_up feudal |
| 14:03 | 北冥有鲲 · age_up feudal |
| 14:28 | SylPags · wall_segment Palisade Wall x2 |
| 14:37 | 北冥有鲲 · wall_segment Stone Wall x3 |
| 14:37 | SylPags · first_market_sell 100 food |
| 15:43 | SylPags · wall_segment Palisade Wall x3 |
| 15:44 | SylPags · wall_segment Palisade Wall x8 |
| 16:17 | SylPags · wall_segment Palisade Wall x2 |
| 16:20 | SylPags · wall_segment Palisade Wall x4 |
| 16:22 | SylPags · wall_segment Palisade Wall x7 |
| 17:27 | SylPags · age_up castle |
| 17:35 | 北冥有鲲 · age_up castle |
| 17:46 | 北冥有鲲 · first_building Castle |
| 19:30 | SylPags · first_building Castle |
| 20:41 | 北冥有鲲 · first_building Monastery |
| 20:59 | SylPags · first_building Siege Workshop |
| 21:11 | 北冥有鲲 · wall_segment Palisade Wall x1 |
| 21:12 | 北冥有鲲 · wall_segment Palisade Wall x1 |
| 24:14 | 北冥有鲲 · first_building Barracks |
| 25:26 | 北冥有鲲 · first_building Stable |
| 26:15 | 北冥有鲲 · first_building Siege Workshop |
| 27:45 | SylPags · first_building Monastery |
| 29:32 | SylPags · first_market_buy 100 stone |
| 30:45 | SylPags · age_up imperial |
| 37:26 | 北冥有鲲 · age_up imperial |
| 37:37 | SylPags · resign |
[ ANÁLISIS IA · 1 CRÉDITO ]
¿Qué pasó realmente en esta partida?
Wolo.gg analiza cada decisión: build order, eco, micro, errores típicos por bracket. Análisis personalizado por WhatsApp o Discord en 30 segundos.
Guía civ
Españoles
Perfil
北冥有鲲